 Dungeon Crawl Stone Soup version 0.31-a0-986-g5e6e4ef867 (webtiles) character file.

Game seed: 15977329791353952838

85 avis the Chopper (level 4, -3/39 HPs)
             Began as a Hill Orc Monk on Nov 24, 2023.
             Killed from afar by Natasha (5 damage)
             ... with a puff of flame
             ... on level 2 of the Dungeon.
             The game lasted 00:04:45 (1997 turns).

avis the Chopper (Hill Orc Monk)                    Turns: 1997, Time: 00:04:45

Health: -3/39      AC:  5    Str: 15    XL:     4   Next: 48%
Magic:  4/4        EV: 11    Int: 10    God:
Gold:   66         SH:  0    Dex: 13    Spells: 3/3 levels left

rFire   . . .        a - +0 hand axe
rCold   . . .        d - orb {light}
rNeg    . . .        i - +0 ring mail
rPois   .            (no helmet)
rElec   .            (no cloak)
rCorr   .            (no gloves)
SInv    .            (no boots)
Will    .....        (no amulet)
Stlth   +            (no ring)
HPRegen 0.26/turn    (no ring)
MPRegen 0.09/turn

%: no passive effects
@: slowed, glowing, studying Unarmed Combat, very slow
A: no striking features
a: no special abilities


You were on level 2 of the Dungeon.
You visited 1 branch of the dungeon, and saw 2 of its levels.

You collected 66 gold pieces.

Inventory:

Hand Weapons
 a - a +0 hand axe (weapon)
Armour
 d - an orb of light (worn)
 i - a +0 ring mail (worn)
Scrolls
 b - a scroll of fear {unknown}
 e - a scroll of vulnerability
 g - 2 scrolls of identify {unknown}
 h - a scroll of butterflies {unknown}
 j - a scroll of brand weapon {unknown}
 k - a scroll of enchant weapon {unknown}
Potions
 c - a potion of ambrosia
 f - 2 potions of haste {unknown}


   Skills:
 - Level 3.6 Fighting
 * Level 6.8 Axes
 - Level 2.4 Dodging


You had 3 spell levels left.
You didn't know any spells.
Your spell library contained the following spells:

 Spells                   Type           Power      Damage    Failure   Level
 Blink                    Tloc           0%         N/A       75%         2
 Momentum Strike          Conj/Tloc      0%         3d8       75%         2
 Volatile Blastmotes      Fire/Tloc      0%         2d10      92%         3
 Manifold Assault         Tloc           0%         N/A       100%        4
 Simulacrum               Ice/Necr       0%         N/A       100%        6
 Polar Vortex             Ice            0%         N/A       100%        9


Dungeon Overview and Level Annotations

Branches:
Dungeon (2/15)

Altars:

Annotations:
D:2 Natasha


Message History

Moving in this stuff is going to be slow.
You enter the shallow water.
Moving in this stuff is going to be slow.
Things that are here:
a +0 dagger; a kobold skeleton You enter the shallow water.
Moving in this stuff is going to be slow.
Things that are here:
a +0 dagger; a kobold skeleton You enter the shallow water.
Moving in this stuff is going to be slow.
You enter the shallow water.
Moving in this stuff is going to be slow.
Natasha, Servant of Life and Death comes into view.
She is carrying a wand of flame.
Natasha hisses angrily.
Natasha stares at you and mumbles some strange words.
You feel yourself slow down.
Natasha wildly gestures.
Natasha glows brightly for a moment.
Natasha casts a spell at you. You resist with some effort.
Natasha zaps a wand.
The puff of flame hits you! Natasha closely misses you.
You hit Natasha but do no damage.
Natasha zaps a wand.
The puff of flame hits you! Natasha claws you but does no damage.
You closely miss Natasha. Natasha closely misses you.
You hit Natasha.
Natasha is lightly wounded.
Natasha zaps a wand.
The puff of flame hits you!
Natasha zaps a wand.
The puff of flame hits you.
* * * LOW HITPOINT WARNING * * *
You hit Natasha but do no damage.
Natasha zaps a wand.
The puff of flame hits you.
* * * LOW HITPOINT WARNING * * *
You barely miss Natasha. Natasha misses you.
Natasha zaps a wand.
The puff of flame hits you.
* * * LOW HITPOINT WARNING * * *
You hit Natasha but do no damage.
Natasha zaps a wand.
The puff of flame hits you.
You die...
Natasha curls up and begins to purr.

##..............................
##..#≈≈≈≈######.##.#....#....###.
.....≈.......)...#.#.##.....####.
.####≈≈≈≈....###.#...###.........
.>###........##............~.~~..
#..##........##............~~....
##.##.........#.....)............
#.##.....<.#...h.......##.....#.
#.##.########..@.......###......
#....## #..........# #..##..
###...# ####.......<>.# #..##..
####..####.............###..##..
##~##...#...##..........##.......
~#~##...†.#####.........##.#.....
~~~~#..#...#####..########.#.....
~~~~#..###...........# #..#.....
###~#### ####........# #.##.....


You could see Natasha.

Vanquished Creatures
  Natasha (D:2)
  An adder (D:2)
  3 dart slugs
  A bat (D:1)
  5 endoplasms
  A giant cockroach (D:2)
  2 goblins (D:1)
  6 hobgoblins
  2 jackals (D:2)
  5 quokkas
  3 ball pythons
  2 frilled lizards (D:1)
  3 kobolds (D:2)
  9 rats
44 creatures vanquished.

Notes
Turn   | Place    | Note
-------+----------+-------------------------------------------
     0 | D:1      | avis the Hill Orc Monk began the quest for the Orb.
     0 | D:1      | Reached XP level 1. HP: 19/19 MP: 1/1
   134 | D:1      | Got the Elucidation of the Jaunt and Firn
   144 | D:1      | Reached XP level 2. HP: 26/26 MP: 2/2
   189 | D:1      | Found a faded altar of an unknown god.
   279 | D:1      | Reached skill level 5 in Axes
   567 | D:1      | Reached XP level 3. HP: 31/31 MP: 3/3
  1399 | D:2      | Noticed Natasha
  1404 | D:2      | Reached skill level 6 in Axes
  1415 | D:2      | Killed Natasha
  1416 | D:2      | Reached XP level 4. HP: 13/39 MP: 4/4
  1987 | D:2      | Noticed Natasha
  1997 | D:2      | Killed from afar by Natasha

Illustrated notes

Levels and vault maps discovered:
D:1:      roadster_arrival_rocket_small, layout_loops_corners,
          ebering_ecumenical_altar_abandoned, minmay_cut_off
D:2:      layout_rooms, serial_rivers, chequers_serial_rivers_small_3,
          chequers_serial_rivers_small_3, chequers_serial_rivers_large_b,
          chequers_serial_rivers_micro_c, chequers_serial_rivers_micro_d,
          chequers_serial_rivers_micro_b, chequers_big_river, uniq_natasha

Skill      XL: |  1  2  3 |
---------------+----------+-----
Axes           | 5 6 |  6.8
Fighting       | |  3.6
Dodging        | |  2.4

Action                     |  1- 3 |  4- 6 || total
---------------------------+-------+-------++-------
  Melee: Hand axe          |   106 |    33 ||   139
    Use: Scroll            |     1 |       ||     1
 Armour: Robe              |    28 |       ||    28
         Ring mail         |    20 |    21 ||    41
  Dodge: Dodged            |    54 |    17 ||    71

Table legend: (Time is in decaauts)
 A = Elapsed time spent in this place.
 B = Non-inter-level travel time spent in this place.
 C = Inter-level travel time spent in this place.
 D = Time resting spent in this place.
 E = Time spent auto-exploring this place.
 F = Levels seen in this place.
 G = Mean time per level.
                   A        B        C        D        E       F      G
               +--------+--------+--------+--------+--------+-----+--------+
         Total |   2057 |   1860 |    197 |    131 |   1328 |   2 | 1028.5 |
       Dungeon |   2057 |   1860 |    197 |    131 |   1328 |   2 | 1028.5 |
               +--------+--------+--------+--------+--------+-----+--------+

Top non-repeatable levels by time:
     D:1: 1183 daAuts
     D:2: 873 daAuts
